 Dungeon Crawl Stone Soup version 0.26.1-11-gd32895ea62 (webtiles) character file.

Game seed: 6580537359651930160

81 Descartes the Ducker (level 4, -4/21 HPs)
             Began as a Felid Chaos Knight on May 29, 2021.
             Was a Plaything of Xom.
             Slain by an iguana (12 damage)
             ... on level 4 of the Dungeon.
             The game lasted 00:05:48 (2434 turns).

Descartes the Ducker (Felid Chaos Knight)           Turns: 2434, Time: 00:05:49

Health: -4/21      AC:  1    Str:  9    XL:     4   Next: 19%
Magic:  14/14      EV: 20    Int: 13    God:    Xom [..*...]
Gold:   73         SH:  0    Dex: 21    Spells: 3/3 levels left
                                        Lives:  0   Deaths: 1

rFire    . . .     SeeInvis +     - Unarmed
rCold    . . .     Faith    .   (shield unavailable)
rNeg     . . .     Spirit   .   (armour unavailable)
rPois    .         Reflect  .   (helmet unavailable)
rElec    .         Harm     .   (cloak unavailable)
rCorr    .         Rampage  .   (gloves unavailable)
Will     .....                  (boots unavailable)
Stlth    +++.......             g - amulet of regeneration
HPRegen  0.47/turn              e - ring of magical power
MPRegen  0.14/turn              k - +6 ring of dexterity

@: quick
A: very small, no armour, no weapons or thrown items, stealth, claws 1, fangs 3,
see invisible, speed 1, shaggy fur 1, sharp paws
a: Renounce Religion


You were on level 4 of the Dungeon.
You worshipped Xom.
You were a toy of Xom.
You visited 1 branch of the dungeon, and saw 4 of its levels.

You collected 73 gold pieces.

Inventory:

Jewellery
 e - a ring of magical power (left paw)
 g - an amulet of regeneration (around neck)
 k - a +6 ring of dexterity (right paw)
Wands
 d - a wand of paralysis (7)
Scrolls
 a - 2 scrolls of fog {unknown}
 c - a scroll of enchant weapon
 f - 3 scrolls of amnesia
 i - a scroll of random uselessness {unknown}
 j - a scroll of enchant armour {unknown}
 l - 2 scrolls of teleportation {unknown}
 m - a scroll of remove curse
 n - a scroll of magic mapping {unknown}
Potions
 b - 2 potions of haste
 h - a potion of flight {unknown}


   Skills:
 + Level 3.5 Fighting
 + Level 4.1 Dodging
 * Level 4.0 Stealth
 + Level 3.5 Unarmed Combat
 + Level 1.4 Evocations


You had 3 spell levels left.
You didn't know any spells.
Your spell library was empty.

Dungeon Overview and Level Annotations

Branches:
Dungeon (4/15)
 Temple: D:4-7

Altars:
Wu Jian

Annotations:
D:4 Dowan, Duvessa


Innate Abilities, Weirdness & Mutations

You cannot wear armour.
You are incapable of wielding weapons or throwing items.
Your paws allow you to move quietly. (Stealth)
You have sharp claws.
You have razor-sharp teeth.
You have supernaturally acute eyesight. (SInv)
You cover ground quickly.
You are covered in fur. (AC +1)
Your sharp claws are effective at attacking unaware monsters.


Message History

Found an ornate altar of the Wu Jian Council.
You scratch the iguana.
The iguana is moderately wounded.
The iguana bites you!
Ouch! That really hurt!
You are too injured to fight recklessly!
You scratch the iguana but do no damage.
The iguana is moderately wounded.
The iguana barely misses you.
You scratch the iguana.
The iguana is moderately wounded.
The iguana barely misses you.
You closely miss the iguana.
The iguana is moderately wounded.
The iguana bites you.
You closely miss the iguana.
The iguana is moderately wounded.
The iguana bites you!
Ouch! That really hurt!
You die...

##.#.# ........
#....###.......
##.....#.....#
#####)..##....(..#
###..#....####..####
#........## #...#
###..#..## ##[###
####†.# #...# # ###..##
##@.# ###....#
.._....l.......
..#....##.....##........
.###...[#8... .........
.####..###.. #........
..# #...### #........
..###..###### #..#.....
..#.......... #........
.........)... ∆


You could see an iguana.

Vanquished Creatures
  Jessica (D:2)
  A worker ant (D:4)
  2 adders
  An ooze (D:4)
  A worm (D:4)
  A dart slug (D:1)
  3 leopard geckos
  5 orcs
  6 bats
  2 giant cockroaches (D:3)
  6 goblins
  5 hobgoblins
  A quokka (D:4)
  4 frilled lizards
  3 kobolds
  6 rats
48 creatures vanquished.

Notes
Turn   | Place    | Note
-------+----------+-------------------------------------------
     0 | D:1      | Descartes the Felid Chaos Knight began the quest for the
                  | Orb.
     0 | D:1      | Reached XP level 1. HP: 10/10 MP: 2/2
    47 | D:1      | XOM: butterfly on damage
    53 | D:1      | Reached skill level 1 in Stealth
   129 | D:1      | XOM: silly message
   273 | D:1      | Reached XP level 2. HP: 12/14 MP: 3/3
   404 | D:1      | XOM: silly message
   511 | D:2      | XOM: cloud trail
   586 | D:2      | XOM: silly message
   700 | D:2      | XOM: 5-stop teleportation journey
   781 | D:2      | XOM: noise
   864 | D:2      | Noticed Jessica
   869 | D:2      | Killed Jessica
   870 | D:2      | Reached XP level 3. HP: 17/17 MP: 4/4
  1308 | D:3      | Reached XP level 4. HP: 21/21 MP: 5/5
  1329 | D:3      | XOM: noise
  1376 | D:3      | Reached skill level 1 in Evocations
  1429 | D:3      | XOM: divination: magic mapping
  1754 | D:3      | XOM: silly message
  2112 | D:4      | Noticed Duvessa
  2112 | D:4      | Noticed Dowan
  2121 | D:4      | XOM: cast spell 'Leda's Liquefaction'
  2121 | D:4      | Slain by Duvessa
  2122 | D:4      | Reached XP level 3. HP: 0/17 MP: 13/13
  2212 | D:4      | XOM: divination: detect items
  2293 | D:4      | XOM: potion effect (brilliance)
  2301 | D:4      | Reached XP level 4. HP: 3/21 MP: 5/5
  2305 | D:4      | HP: 1/21 [poisoned by a worker ant]
  2429 | D:4      | Found an ornate altar of the Wu Jian Council.
  2434 | D:4      | Slain by an iguana

Illustrated notes

Levels and vault maps discovered:
D:1:      mrwooster_arrival_arrow, layout_rooms
D:2:      layout_loops_ring, st_stairs_6, uniq_jessica
D:3:      layout_loops_corners
D:4:      layout_cave_pools, nzn_wu_jian_council_hall, kennysheep_mini_moat,
          gammafunk_ghost_grave, serial_shops, nicolae_shop_overgrown_old_shop,
          uniq_crazy_yiuf_cottage, uniq_duvessa

Skill      XL: |  1  2  3  4 |
---------------+-------------+-----
Stealth        | 1 2 3 4 |  4.0
Evocations     | 1 |  1.4
Dodging        | 4 |  4.1
Fighting       | |  3.5
Unarmed Combat | |  3.5

Action                   |  1- 3 |  4- 6 || total
-------------------------+-------+-------++-------
Melee: Unarmed           |    91 |    67 ||   158
       Bite              |     5 |     3 ||     8
       Punch             |       |     2 ||     2
Evoke: Wand              |       |     1 ||     1
  Use: Scroll            |       |     4 ||     4
       Potion            |       |     1 ||     1
 Stab: Sleeping          |     8 |     5 ||    13
Armor: Skin              |     3 |     1 ||     4
Dodge: Dodged            |    52 |    31 ||    83
